 Dungeon Crawl Stone Soup version 0.30.1-3-gfc49f6343a (webtiles) character file.

Game seed: 1179897809123583852

3027 sampeng1 the Chopper (level 10, -4/79 HPs)
             Began as a Human Reaver on July 29, 2023.
             Was a Believer of Vehumet.
             Slain by a spriggan
             ... wielding a +0 trident
              (8 damage)
             ... in a bailey.
             The game lasted 00:44:58 (5923 turns).

sampeng1 the Chopper (Human Reaver)                 Turns: 5923, Time: 00:44:58

Health: -4/79      AC:  9    Str: 15    XL:     10   Next: 10%
Magic:  13/20      EV: 14    Int: 22    God:    Vehumet [**....]
Gold:   354        SH:  0    Dex: 11    Spells: 18/23 levels left

rFire   x . .        j - +1 battleaxe
rCold   + . .        (shield currently unavailable)
rNeg    . . .        J - +1 robe {Will+}
rPois   .            n - +0 helmet
rElec   +            D - +0 cloak
rCorr   .            u - +0 pair of gloves
SInv    +            o - +2 pair of boots
Will    +....        C - amulet of regeneration
Stlth   +            m - +6 ring of intelligence
HPRegen 1.13/turn    H - ring of Meyli Hou {Ice Fly rElec SInv}
MPRegen 0.17/turn

%: no passive effects
@: freezing walls, flying
A: no striking features
a: Renounce Religion


You were in a bailey.
You worshipped Vehumet.
Vehumet was pleased with you.
You visited 2 branches of the dungeon, and saw 8 of its levels.
You also visited: Bailey.

You collected 354 gold pieces.

Inventory:

Hand Weapons
 a - a +0 hand axe
 i - a +2 halberd of flaming
 j - a +1 battleaxe (weapon)
 O - a +2 sling of freezing
Missiles
 v - 10 poisoned darts (quivered)
 y - 5 boomerangs
Armour
 b - a +0 leather armour
 n - a +0 helmet (worn)
 o - a +2 pair of boots (worn)
 u - a +0 pair of gloves (worn)
 D - a +0 cloak (worn)
 E - a +0 buckler
 J - a +1 robe of willpower (worn)
Magical Staves
 g - a staff of earth
Jewellery
 c - a ring of see invisible
 e - a +4 ring of slaying
 m - a +6 ring of intelligence (left hand)
 q - a ring of wizardry
 r - a +6 ring of strength
 w - a +6 ring of dexterity
 A - a ring of poison resistance
 C - an amulet of regeneration (around neck)
 H - the ring of Meyli Hou (right hand) {Ice Fly rElec SInv}
   (You found it on level 6 of the Dungeon)

   [ring of ice]

   It enhances your ice magic.
   rF:        It makes you vulnerable to fire.
   rC:        It protects you from cold.
   rElec:     It insulates you from electricity.
   SInv:      It lets you see invisible.
   Fly:       It grants you flight.
 L - an amulet of guardian spirit
Scrolls
 h - 3 scrolls of fog
 k - a scroll of poison
 l - a scroll of magic mapping
 p - 2 scrolls of blinking
 s - a scroll of fear
 t - 6 scrolls of identify
 x - 3 scrolls of immolation
 z - 2 scrolls of enchant armour {unknown}
 I - a scroll of teleportation
 M - a scroll of amnesia
 N - a scroll of acquirement {unknown}
Potions
 d - 2 potions of curing
 f - 3 potions of degeneration
 B - 2 potions of flight
 F - 2 potions of invisibility {unknown}
 G - a potion of cancellation
 K - a potion of magic {unknown}


   Skills:
 + Level 7.6 Fighting
 + Level 7.9 Axes
 - Level 0.6(4.9) Polearms
 + Level 7.6 Dodging
 + Level 7.0 Spellcasting
 + Level 7.2 Conjurations
 - Level 2.8 Ice Magic


You had 18 spell levels left.
You knew the following spells:

 Your Spells              Type           Power      Damage    Failure   Level
a - Frozen Ramparts       Ice            60%        1d10      8%          3
b - Freeze                Ice            100%       1d10      2%          1
c - Foxfire               Conj/Fire      92%        2x1d8     1%          1

Your spell library contained the following spells:

 Spells                   Type           Power      Damage    Failure   Level
 Magic Dart               Conj           100%       1d8       1%          1
 Kiss of Death            Conj/Necr      92%        2d12      1%          1
 Momentum Strike          Conj/Tloc      46%        3d9       2%          2
 Hailstorm                Conj/Ice       44%        3d10      3%          3


Dungeon Overview and Level Annotations

Branches:
Dungeon (7/15)             Temple (1/1) D:4          Bailey (1/1)

Altars:
Ashenzari
Cheibriados
Dithmenos
Elyvilon
Fedhas
Gozag
Kikubaaqudgha
Nemelex Xobeh
Okawaru
Ru
Sif Muna
Trog
Uskayaw
Vehumet
Xom
Yredelemnul
The Shining One


Message History

The spriggan is severely wounded.
The spriggan barely misses you.
The spriggan hits you from afar with a +0 spear!
Your frozen ramparts will break if you move.
Continue?
The frozen ramparts melt away as you move.
A spriggan comes into view. It is wielding a +0 trident.
The spriggan shouts!
You hear a roar!
You hear a shout! x2
The spriggan barely misses you. The spriggan hits you with a +0 spear!
You feel better. The spriggan barely misses you.
The spriggan hits you with a +0 spear.
The spriggan hits you but does no damage.
You miss the spriggan.
The spriggan is severely wounded.
You hit the spriggan.
The spriggan hits you from afar with a +0 spear.
The spriggan hits you but does no damage. x2
The spriggan hits you from afar with a +0 trident.
The spriggan misses you.
A spriggan comes into view. It is wielding a +0 trident.
The spriggan barely misses you. The spriggan hits you with a +0 spear!
You miss the spriggan.
The spriggan is severely wounded.
You closely miss the spriggan. The spriggan barely misses you. x2
The spriggan misses you. The spriggan hits you with a +0 spear!
* * * LOW HITPOINT WARNING * * *
The spriggan closely misses you.
Casting: Foxfire (safe; 1% risk of failure)
Confirm with . or Enter, or press ? or * to list all spells.
Casting: Frozen Ramparts (dangerous; 8% risk of failure)
Press: ? - help, Dir - look around, f - activate You feel a surge of power!
The walls around you are covered in ice.
The wall freezes the spriggan!
The spriggan closely misses you.
The wall freezes the spriggan!
The spriggan hits you with a +0 spear!
* * * LOW HITPOINT WARNING * * *
The wall freezes the spriggan.
The spriggan hits you with a +0 spear.
* * * LOW HITPOINT WARNING * * *
The wall freezes the spriggan.
The spriggan hits you from afar with a +0 trident!
You die...

#..## #...#
#..## #...#
#..~~ #..~#
#..~~ #..~~
#..~~ #..i#
#..~~ #.ii#
#..~~ #.i.#
##..## #i@♣♣
#♣..## ##..##
##..##
##..#######).##
##.......).##
##.......##
#########


You could see 5 spriggans.

Vanquished Creatures
  Prince Ribbit (D:6)
  A spriggan (Bailey)
  A water moccasin (D:7)
  2 ice beasts (D:6)
  2 sky beasts
  3 ogres
  A centaur (D:6)
  2 kobold brigands (D:6)
  A bullfrog (D:7)
  A scorpion (D:6)
  A vampire bat (D:5)
  2 howler monkeys
  2 hounds
  4 orc priests
  2 iguanas (D:5)
  2 orc wizards
  2 sleepcaps (D:7)
  7 gnolls
  9 adders
  A shadow imp (D:6)
  3 worms
  3 fire bats (D:5)
  12 orcs
  2 spectral bats (D:5)
  15 bats
  A bat simulacrum (D:5)
  3 bat skeletons (D:5)
  A bat zombie (D:5)
  11 endoplasms
  6 giant cockroaches
  18 goblins
  10 hobgoblins
  5 jackals (D:4)
  5 quokkas
  4 ball pythons
  6 frilled lizards
  8 kobolds
  6 rats
166 creatures vanquished.

Vanquished Creatures (others)
  2 orc wizards (D:5)
  32 foxfires
34 creatures vanquished.

Grand Total: 200 creatures vanquished

Notes
Turn   | Place    | Note
-------+----------+-------------------------------------------
     0 | D:1      | sampeng1 the Human Reaver began the quest for the Orb.
     0 | D:1      | Reached XP level 1. HP: 16/16 MP: 3/3
   301 | D:1      | Learned a level 1 spell: Freeze
   433 | D:1      | Reached XP level 2. HP: 7/20 MP: 3/5
   535 | D:1      | Found a faded altar of an unknown god.
  1136 | D:2      | Reached XP level 3. HP: 24/27 MP: 3/6
  1227 | D:2      | Reached skill level 1 in Ice Magic
  1524 | D:2      | Reached XP level 4. HP: 34/34 MP: 7/7
  1634 | D:2      | Reached XP level 5. HP: 14/39 MP: 8/8
  2089 | D:3      | Learned a level 3 spell: Frozen Ramparts
  2712 | D:4      | Reached XP level 6. HP: 43/47 MP: 10/10
  2783 | D:4      | Found a staircase to the Ecumenical Temple.
  2789 | Temple   | Entered the Ecumenical Temple
  3027 | Temple   | Became a worshipper of Vehumet
  3642 | D:5      | Entered Level 5 of the Dungeon
  3683 | D:5      | Reached * piety under Vehumet
  3683 | D:5      | Offered knowledge of Foxfire by Vehumet.
  3683 | D:5      | Noticed an ogre
  3688 | D:5      | Killed an ogre
  3689 | D:5      | Reached XP level 7. HP: 43/52 MP: 8/12
  3711 | D:5      | Learned a level 1 spell: Foxfire
  3888 | D:5      | Identified the +2 dagger of Doakhiph {freeze, rF+ Will+
                  | Dex+2}
  4193 | D:5      | Reached XP level 8. HP: 60/60 MP: 10/13
  4349 | D:5      | Reached XP level 9. HP: 72/72 MP: 13/18
  4530 | D:5      | Offered knowledge of Magic Dart by Vehumet.
  4711 | D:6      | Reached ** piety under Vehumet
  4781 | D:6      | Noticed Prince Ribbit
  4791 | D:6      | Killed Prince Ribbit
  4911 | D:6      | Identified the ring of Meyli Hou {Ice Fly rElec SInv}
  5558 | D:7      | Reached XP level 10. HP: 78/79 MP: 20/20
  5820 | D:7      | Found a flagged portal.
  5837 | Bailey   | Entered a bailey
  5923 | Bailey   | Slain by a spriggan

Illustrated notes

Levels and vault maps discovered:
D:1:      onia_arrival_mini_maze_b, layout_loops_ring,
          shapermc_ecumenical_altar_flowoftime, minmay_small_reverse_x
D:2:      layout_basic, dreamdust_princess_corridor,
          chequers_serial_rivers_micro_a, serial_park_tiny_1
D:3:      layout_rooms, st_stairs_9
D:4:      kennysheep_goblin_castle, layout_rooms, minmay_temple_entry_hall,
          minmay_crossroads
D:5:      layout_basic, nicolae_concentric_dashed_squares_mild, goddamned_bats
D:6:      layout_rooms, serial_bayou_crossing, uniq_prince_ribbit1
D:7:      layout_basic, enter_bailey_5
Temple:   nicolae_temple_bog_church
Bailey:   bailey_polearm_enchanted_keep_hellmonk, bailey

Skill      XL: |  1  2  3  4  5  6  7  8  9 10 |
---------------+-------------------------------+-----
Ice Magic      | 1 2 |  2.8
Dodging        | 3 4 7 |  7.6
Fighting       | 3 4 7 |  7.6
Spellcasting   | 3 6 7 |  7.0
Axes           | 4 7 |  7.9
Conjurations   | 6 7 |  7.2
Polearms       | |  0.6

Action                     |  1- 3 |  4- 6 |  7- 9 | 10-12 || total
---------------------------+-------+-------+-------+-------++-------
  Melee: Hand axe          |    11 |       |       |       ||    11
         Battleaxe         |    70 |   174 |   144 |    20 ||   408
         Halberd           |    30 |       |       |       ||    30
  Throw: Dart              |       |     4 |       |       ||     4
   Cast: Freeze            |    12 |    13 |    18 |     1 ||    44
         Kiss of Death     |     1 |       |       |       ||     1
         Frozen Ramparts   |       |     3 |    11 |     3 ||    17
         Foxfire           |       |       |    17 |     3 ||    20
    Use: Scroll            |     6 |     4 |     3 |       ||    13
         Potion            |     3 |     1 |     4 |     1 ||     9
 Armour: Leather armour    |    51 |   105 |    75 |       ||   231
         Robe              |       |       |    16 |    16 ||    32
  Dodge: Dodged            |    89 |   159 |   166 |    33 ||   447
